SNL (28 & UNDER)
MEMPHIS BLUES @ WEST VIRGINIA POWER
08/24/2029
 
TOP OF THE 1ST
Memphis Blues batting - Pitching for West Virginia Power : RHP Drake Johnston
Pitching: RHP Drake Johnston
Batting: LHB Armando Domínguez 0-0: Fly out, F8 (Flyball, 8LS)
Batting: RHB Jesús Sánchez 0-0: Called Strike
0-1: Foul Ball, location: 2F
0-2: Ball
1-2: SINGLE (Line Drive, 8LS)
Batting: LHB Weston Chaney 0-0: Called Strike
0-1: Ball
1-1: Foul Ball, location: 2F
1-2: Foul Ball, location: 2F
1-2: SINGLE (Line Drive, 56D)
Jesús Sánchez to second
Batting: LHB Brenton Carter 0-0: Ball
1-0: Called Strike
1-1: Ball
2-1: Called Strike
2-2: Grounds into double play, U3-6 (Groundball, 3L)
Top of the 1st over - 0 runs, 2 hits, 0 errors, 1 left on base; Memphis 0 - West Virginia 0
BOTTOM OF THE 1ST
West Virginia Power batting - Pitching for Memphis Blues : LHP António Dávila
Pitching: LHP António Dávila
Batting: RHB Julián Garza 0-0: Swinging Strike
0-1: Ball
1-1: Swinging Strike
1-2: Strikes out looking
Batting: RHB Cory Hester 0-0: Called Strike
0-1: Swinging Strike
0-2: Ground out U3 (Groundball, 34S)
Batting: RHB Luis Quezada 0-0: Ball
1-0: Ball
2-0: Called Strike
2-1: Swinging Strike
2-2: Ball
3-2: Ground out 5-3 (Groundball, 56)
Bottom of the 1st over - 0 runs, 0 hits, 0 errors, 0 left on base; Memphis 0 - West Virginia 0
TOP OF THE 2ND
Memphis Blues batting - Pitching for West Virginia Power : RHP Drake Johnston
Batting: RHB Aaron Grizzle 0-0: Called Strike
0-1: Foul Ball, location: 2F
0-2: Foul Ball, location: 2F
0-2: Ball
1-2: Fly out, F6 (Popup, 6S)
Batting: LHB Phil Cantrell 0-0: Ball
1-0: Ball
2-0: Ground out 6-3 (Groundball, 6)
Batting: SHB José Velásquez 0-0: Ball
1-0: Foul Ball, location: 2F
1-1: Ball
2-1: Ball
3-1: Foul Ball, location: 2F
3-2: Foul Ball, location: 2F
3-2: Base on Balls
Batting: RHB Ángel Hernández 0-0: Called Strike
José Velásquez steals 2nd base
0-1: Ball
1-1: Ball
2-1: SINGLE (Line Drive, 4MD)
José Velásquez to third
Runner from 3rd tries for Home, SAFE, throw made home
Batting: RHB Jeff Bergeron 0-0: Ball
1-0: Ball
2-0: Fielders Choice at 2nd, 6-4 (Groundball, 6)
Top of the 2nd over - 1 run, 1 hit, 0 errors, 1 left on base; Memphis 1 - West Virginia 0
BOTTOM OF THE 2ND
West Virginia Power batting - Pitching for Memphis Blues : LHP António Dávila
Batting: RHB Joe Salas 0-0: Ball
1-0: Ball
2-0: Ball
3-0: Called Strike
3-1: SINGLE (Groundball, 56D)
Batting: LHB Jorge Luna 0-0: Ball
1-0: Ball
2-0: Ball
3-0: Called Strike
3-1: Base on Balls
Joe Salas to second
Batting: RHB Millard Walker 0-0: Called Strike
0-1: Ball
1-1: Reached on error, E7 (Flyball, 78XD)
Joe Salas to third
Jorge Luna to second
Batting: RHB Will Stafford 0-0: Ball
1-0: SINGLE (Flyball, 89M)
Joe Salas scores
Jorge Luna to third
Millard Walker to second
Batting: RHB Daniel Martínez 0-0: Called Strike
0-1: Ball
1-1: Ball
2-1: Foul Ball, location: 2F
2-2: Strikes out looking
Batting: RHB Juan Carlos Ramos 0-0: Ball
1-0: Foul Ball, location: 2F
1-1: Ball
2-1: Foul Ball, location: 2F
2-2: GRAND SLAM HOME RUN (Flyball, 7D), Distance : 355 ft
Batting: RHB Julián Garza 0-0: Ball
1-0: Swinging Strike
1-1: Called Strike
1-2: SINGLE (Groundball, 56D)
Batting: RHB Cory Hester 0-0: Ball
1-0: Ball
2-0: Ball
3-0: Base on Balls
Julián Garza to second
Batting: RHB Luis Quezada 0-0: Grounds into double play, 5-4-3 (Groundball, 56)
Bottom of the 2nd over - 5 runs, 4 hits, 1 error, 1 left on base; Memphis 1 - West Virginia 5
TOP OF THE 3RD
Memphis Blues batting - Pitching for West Virginia Power : RHP Drake Johnston
Batting: LHB Armando Domínguez 0-0: Ball
1-0: Foul Ball, location: 2F
1-1: SOLO HOME RUN (Line Drive, 7D), Distance : 374 ft
Batting: RHB Jesús Sánchez 0-0: Fly out, F7 (Flyball, 7LD)
Batting: LHB Weston Chaney 0-0: Swinging Strike
0-1: Foul Ball, location: 2F
0-2: Strikes out swinging
Batting: LHB Brenton Carter 0-0: Ball
1-0: Ball
2-0: Ball
3-0: Base on Balls
Batting: RHB Aaron Grizzle 0-0: DOUBLE (Line Drive, 7LS)
Brenton Carter to third
Runner from 3rd tries for Home, SAFE, no throw
Batting: LHB Phil Cantrell 0-0: Ball
1-0: DOUBLE (Flyball, 8RXD)
Aaron Grizzle scores
Batting: SHB José Velásquez 0-0: Ball
1-0: 2-RUN HOME RUN (Flyball, 9LD), Distance : 329 ft
Batting: RHB Ángel Hernández 0-0: Swinging Strike
0-1: Ball
1-1: Ground out 4-3 (Groundball, 4S)
Top of the 3rd over - 5 runs, 4 hits, 0 errors, 0 left on base; Memphis 6 - West Virginia 5
BOTTOM OF THE 3RD
West Virginia Power batting - Pitching for Memphis Blues : LHP António Dávila
Batting: RHB Joe Salas 0-0: Ball
1-0: Foul Ball, location: 2F
1-1: Hit by Pitch
Batting: LHB Jorge Luna 0-0: Fly out, F8 (Line Drive, 8RS)
Batting: RHB Millard Walker 0-0: Ball
1-0: Swinging Strike
1-1: Foul Ball, location: 2F
1-2: Ball
2-2: Ball
3-2: Fly out, F6 (Popup, 6M)
Batting: RHB Will Stafford 0-0: Called Strike
0-1: Fielders Choice at 2nd, 6-4 (Groundball, 6)
Bottom of the 3rd over - 0 runs, 0 hits, 0 errors, 1 left on base; Memphis 6 - West Virginia 5
TOP OF THE 4TH
Memphis Blues batting - Pitching for West Virginia Power : RHP Drake Johnston
Batting: RHB Jeff Bergeron 0-0: Called Strike
0-1: SINGLE (Groundball, 6MD)
Batting: LHB Armando Domínguez 0-0: Ball
1-0: Ball
Jeff Bergeron steals 2nd base
2-0: Swinging Strike
2-1: Ball
Jeff Bergeron is caught stealing 3rd base
3-1: SINGLE (Line Drive, 56)
Pitching: RHP Bill Hendricks
Batting: RHB Jesús Sánchez 0-0: Ball
1-0: Foul Ball, location: 2F
1-1: Ground out 5-3 (Groundball, 56S)
Armando Domínguez to second
Batting: LHB Weston Chaney 0-0: Ball
1-0: Ball
2-0: Called Strike
2-1: Called Strike
2-2: Foul Ball, location: 2F
2-2: Strikes out looking
Top of the 4th over - 0 runs, 2 hits, 0 errors, 1 left on base; Memphis 6 - West Virginia 5
BOTTOM OF THE 4TH
West Virginia Power batting - Pitching for Memphis Blues : LHP António Dávila
Batting: RHB Daniel Martínez 0-0: Called Strike
0-1: Ground out 6-3 (Groundball, 6)
Batting: RHB Juan Carlos Ramos 0-0: Called Strike
0-1: Fly out, F1 (Line Drive, 15)
Batting: RHB Julián Garza 0-0: Ball
1-0: Swinging Strike
1-1: Ground out 4-3 (Groundball, 4)
Bottom of the 4th over - 0 runs, 0 hits, 0 errors, 0 left on base; Memphis 6 - West Virginia 5
TOP OF THE 5TH
Memphis Blues batting - Pitching for West Virginia Power : RHP Bill Hendricks
Batting: LHB Brenton Carter 0-0: Called Strike
0-1: Ball
1-1: Ball
2-1: Foul Ball, location: 2F
2-2: Ball
3-2: Foul Ball, location: 2F
3-2: Base on Balls
Batting: RHB Aaron Grizzle 0-0: Foul Ball, location: 2F
0-1: Foul Ball, location: 2F
0-2: Foul Ball, location: 2F
0-2: Ball
1-2: SINGLE (Groundball, 34D)
Brenton Carter to second
Runner from 2nd tries for 3rd, SAFE, no throw
Batting: LHB Phil Cantrell 0-0: Foul Ball, location: 2F
0-1: Foul Ball, location: 2F
0-2: Ball
1-2: Fielders Choice at 2nd, 6-4 (Groundball, 6M)
Brenton Carter scores
Batting: SHB José Velásquez 0-0: Called Strike
0-1: SINGLE (Line Drive, 78M)
Phil Cantrell to second
Batting: RHB Ángel Hernández 0-0: SINGLE (Flyball, 7LM)
Phil Cantrell to third
José Velásquez to second
Batting: RHB Jeff Bergeron 0-0: Called Strike
0-1: Ball
1-1: Foul Ball, location: 2F
1-2: Strikes out swinging
Batting: LHB Armando Domínguez 0-0: Ball
1-0: Ball
2-0: Ball
3-0: Called Strike
3-1: Base on Balls
Phil Cantrell scores
José Velásquez to third
Ángel Hernández to second
Batting: RHB Jesús Sánchez 0-0: SINGLE (Groundball, 56D)
José Velásquez scores
Ángel Hernández to third
Armando Domínguez to second
Runner from 3rd tries for Home, SAFE, no throw
Batting: LHB Weston Chaney 0-0: Ball
1-0: Called Strike
1-1: Foul Ball, location: 2F
1-2: Ball
2-2: Ball
3-2: Base on Balls
Armando Domínguez to third
Jesús Sánchez to second
Batting: LHB Brenton Carter 0-0: Ball
1-0: Ball
2-0: Foul Ball, location: 2F
2-1: Ball
3-1: Base on Balls
Armando Domínguez scores
Jesús Sánchez to third
Weston Chaney to second
Batting: RHB Aaron Grizzle 0-0: Ball
1-0: Ball
2-0: SINGLE (Line Drive, 7LS)
Jesús Sánchez scores
Weston Chaney to third
Brenton Carter to second
Runner from 3rd tries for Home, SAFE, no throw
Batting: LHB Phil Cantrell 0-0: Ball
1-0: DOUBLE (Flyball, 8LXD)
Brenton Carter scores
Aaron Grizzle to third
Pitching: RHP Roberto Marino
Batting: SHB José Velásquez 0-0: Called Strike
0-1: Called Strike
0-2: Foul Ball, location: 2F
0-2: Ball
1-2: SINGLE (Groundball, 34D)
Aaron Grizzle scores
Phil Cantrell to third
Runner from 3rd tries for Home, throw and OUT!
Top of the 5th over - 9 runs, 7 hits, 0 errors, 1 left on base; Memphis 15 - West Virginia 5
BOTTOM OF THE 5TH
West Virginia Power batting - Pitching for Memphis Blues : LHP António Dávila
Batting: RHB Cory Hester 0-0: Called Strike
0-1: Ball
1-1: Foul Ball, location: 2F
1-2: Foul Ball, location: 2F
1-2: Fly out, F6 (Line Drive, 6)
Batting: RHB Luis Quezada 0-0: Ball
1-0: Foul Ball, location: 2F
1-1: Reached on error, E6 (Groundball, 6)
Batting: RHB Joe Salas 0-0: Swinging Strike
0-1: Ball
1-1: Ball
2-1: Ball
3-1: Called Strike
3-2: SINGLE (Line Drive, 89S)
Luis Quezada to second
Luis Quezada to third
Batting: LHB Jorge Luna 0-0: Ball
1-0: Ground out 6-3 (Groundball, 6S)
Luis Quezada scores
Joe Salas to second
Batting: RHB Millard Walker 0-0: Ball
1-0: SINGLE (Line Drive, 34D)
Joe Salas to third
Runner from 3rd tries for Home, SAFE, no throw
Batting: RHB Will Stafford 0-0: Foul Ball, location: 2F
0-1: Ball
1-1: Foul Ball, location: 2F
1-2: Fly out, F6 (Popup, 6M)
Bottom of the 5th over - 2 runs, 2 hits, 1 error, 1 left on base; Memphis 15 - West Virginia 7
TOP OF THE 6TH
Memphis Blues batting - Pitching for West Virginia Power : RHP Roberto Marino
Batting: RHB Ángel Hernández 0-0: Called Strike
0-1: SINGLE (Line Drive, 6MD)
Batting: RHB Jeff Bergeron 0-0: Called Strike
0-1: Ball
Wild Pitch!
Ángel Hernández to second
1-1: Swinging Strike
1-2: Strikes out swinging
Batting: LHB Armando Domínguez 0-0: Swinging Strike
0-1: Ball
1-1: Ball
2-1: Ball
3-1: Base on Balls
Batting: RHB Jesús Sánchez 0-0: Ball
1-0: Ball
2-0: Fly out, F7 (Flyball, 7)
Batting: LHB Weston Chaney 0-0: Ball
1-0: SINGLE (Line Drive, 8LS)
Ángel Hernández to third
Armando Domínguez to second
Runner from 3rd tries for Home, SAFE, no throw
Batting: LHB Brenton Carter 0-0: Called Strike
Armando Domínguez steals 3rd base
0-1: Ball
1-1: Ball
2-1: Ball
3-1: SINGLE (Groundball, 6MD)
Armando Domínguez scores
Weston Chaney to second
Batting: RHB Aaron Grizzle 0-0: Ball
1-0: SINGLE (Line Drive, 56D)
Weston Chaney to third
Brenton Carter to second
Batting: LHB Phil Cantrell 0-0: Ball
1-0: Ball
2-0: Swinging Strike
2-1: Ball
3-1: Base on Balls
Weston Chaney scores
Brenton Carter to third
Aaron Grizzle to second
Batting: SHB José Velásquez 0-0: Ball
1-0: Ball
2-0: Single, Error in OF, E8, batter to second base
Brenton Carter scores
Aaron Grizzle scores
Phil Cantrell to third
Pitching: RHP Norberto Márquez
Batting: RHB Ángel Hernández 0-0: Ground out 4-3 (Groundball, 4)
Top of the 6th over - 5 runs, 5 hits, 1 error, 2 left on base; Memphis 20 - West Virginia 7
BOTTOM OF THE 6TH
West Virginia Power batting - Pitching for Memphis Blues : LHP António Dávila
Batting: RHB Daniel Martínez 0-0: Ball
1-0: Ball
2-0: Ball
3-0: Called Strike
3-1: Foul Ball, location: 2F
3-2: Ground out 6-3 (Groundball, 6)
Pinch Hitting: RHB Diego Benítez 0-0: Ball
1-0: SINGLE (Groundball, 56D)
Batting: RHB Julián Garza 0-0: Called Strike
0-1: Reached on error, E4 (Groundball, 4)
Diego Benítez to second
Pinch Hitting: RHB Rafael Ortíz 0-0: Called Strike
0-1: Called Strike
0-2: SINGLE (Groundball, 6MD)
Diego Benítez to third
Julián Garza to second
Batting: RHB Luis Quezada 0-0: Called Strike
0-1: SINGLE (Groundball, 4MD)
Diego Benítez scores
Julián Garza to third
Rafael Ortíz to second
Runner from 3rd tries for Home, throw and OUT!
Rafael Ortíz to third
Luis Quezada to second
Batting: RHB Joe Salas 0-0: Fly out, F5 (Line Drive, 56S)
Bottom of the 6th over - 1 run, 3 hits, 1 error, 2 left on base; Memphis 20 - West Virginia 8
TOP OF THE 7TH
Memphis Blues batting - Pitching for West Virginia Power : RHP Norberto Márquez
Now at 3B: Rafael Ortíz
Now in CF: Diego Benítez
Batting: RHB Jeff Bergeron 0-0: Ball
1-0: Ball
2-0: Ball
3-0: Called Strike
3-1: Base on Balls
Batting: LHB Armando Domínguez 0-0: Ball
1-0: Called Strike
1-1: Ball
2-1: Swinging Strike
2-2: Ball
3-2: Base on Balls
Jeff Bergeron to second
Batting: RHB Jesús Sánchez 0-0: Ball
Jeff Bergeron steals 3rd base
1-0: Ball
2-0: Hit by Pitch
Armando Domínguez to second
Batting: LHB Weston Chaney 0-0: Foul Ball, location: 2F
0-1: Foul Ball, location: 2F
0-2: Foul Ball, location: 2F
0-2: Fly out, F8 (Flyball, 78D)
Runner from 3rd tags up, SCORES, throw made
Batting: LHB Brenton Carter 0-0: Called Strike
0-1: Ball
1-1: Swinging Strike
1-2: Ball
Balk!
Armando Domínguez to third
Jesús Sánchez to second
2-2: Strikes out swinging
Batting: RHB Aaron Grizzle 0-0: Ball
1-0: Called Strike
1-1: Ball
2-1: Foul Ball, location: 2F
2-2: Fly out, F8 (Flyball, 89D)
Top of the 7th over - 1 run, 0 hits, 0 errors, 2 left on base; Memphis 21 - West Virginia 8
BOTTOM OF THE 7TH
West Virginia Power batting - Pitching for Memphis Blues : LHP António Dávila
Batting: LHB Jorge Luna 0-0: Ball
1-0: Called Strike
1-1: Ball
2-1: Ball
3-1: Base on Balls
Batting: RHB Millard Walker 0-0: Ball
1-0: Called Strike
1-1: Ball
2-1: SINGLE (Flyball, 89S)
Jorge Luna to second
Runner from 2nd tries for 3rd, SAFE, no throw
Batting: RHB Will Stafford 0-0: Ball
1-0: Ball
2-0: Ball
3-0: Called Strike
3-1: Called Strike
3-2: SINGLE (Groundball, 6D)
Jorge Luna scores
Millard Walker to second
Pitching: LHP Fernando Palácios
Batting: RHB Daniel Martínez 0-0: Swinging Strike
0-1: Ball
1-1: Called Strike
1-2: Foul Ball, location: 2F
1-2: Ball
2-2: Grounds into double play, 4-6-3 (Groundball, 4)
Millard Walker to third
Batting: RHB Diego Benítez 0-0: Called Strike
0-1: Foul Ball, location: 2F
0-2: Ball
1-2: Ball
2-2: Ball
3-2: Foul Ball, location: 2F
3-2: Fly out, F9 (Flyball, 9LM)
Bottom of the 7th over - 1 run, 2 hits, 0 errors, 1 left on base; Memphis 21 - West Virginia 9
TOP OF THE 8TH
Memphis Blues batting - Pitching for West Virginia Power : RHP Norberto Márquez
Batting: LHB Phil Cantrell 0-0: Ball
1-0: Called Strike
1-1: Ball
2-1: Ball
3-1: Foul Ball, location: 2F
3-2: Base on Balls
Batting: SHB José Velásquez 0-0: Ball
Balk!
Phil Cantrell to second
1-0: Foul Ball, location: 2F
1-1: Ball
2-1: Ball
3-1: Fly out, F9 (Line Drive, 89M)
Batting: RHB Ángel Hernández 0-0: Swinging Strike
0-1: Ball
1-1: Ball
2-1: Foul Ball, location: 2F
2-2: Ground out 6-3 (Groundball, 6)
Phil Cantrell to third
Batting: RHB Jeff Bergeron 0-0: Swinging Strike
0-1: Ball
1-1: Called Strike
1-2: SINGLE (Groundball, 56D)
Phil Cantrell scores
Batting: LHB Armando Domínguez 0-0: Ball
1-0: Ball
2-0: 2-RUN HOME RUN (Flyball, 9D), Distance : 350 ft
Batting: RHB Jesús Sánchez 0-0: Ball
1-0: Ball
2-0: Ball
3-0: Base on Balls
Batting: LHB Weston Chaney 0-0: Ball
1-0: Fly out, F7 (Flyball, 78D)
Top of the 8th over - 3 runs, 2 hits, 0 errors, 1 left on base; Memphis 24 - West Virginia 9
BOTTOM OF THE 8TH
West Virginia Power batting - Pitching for Memphis Blues : LHP Fernando Palácios
Pitching: RHP Scott Willerton
Now at 1B: Fernando Gutiérrez
Batting: RHB Julián Garza 0-0: Ball
1-0: Fly out, F7 (Line Drive, 7D)
Batting: RHB Rafael Ortíz 0-0: Fly out, F8 (Flyball, 8LD)
Batting: RHB Luis Quezada 0-0: Called Strike
0-1: Foul Ball, location: 2F
0-2: SINGLE (Groundball, 56S) (infield hit)
Batting: RHB Joe Salas 0-0: Ball
1-0: Called Strike
1-1: Ball
2-1: Fly out, F8 (Line Drive, 8RD)
Bottom of the 8th over - 0 runs, 1 hit, 0 errors, 1 left on base; Memphis 24 - West Virginia 9
TOP OF THE 9TH
Memphis Blues batting - Pitching for West Virginia Power : RHP Norberto Márquez
Batting: LHB Brenton Carter 0-0: Called Strike
0-1: Ball
1-1: Ball
2-1: Ground out 5-3 (Groundball, 5)
Pitching: RHP Nick Mackin
Batting: RHB Aaron Grizzle 0-0: Foul Ball, location: 2F
0-1: Ball
1-1: Ball
2-1: Called Strike
2-2: SINGLE (Flyball, 7S)
Batting: LHB Phil Cantrell 0-0: Ball
1-0: Called Strike
1-1: Ball
2-1: Called Strike
2-2: Foul Ball, location: 2F
2-2: Ball
3-2: Base on Balls
Aaron Grizzle to second
Batting: SHB José Velásquez 0-0: Swinging Strike
0-1: Foul Ball, location: 2F
0-2: Strikes out swinging
Batting: RHB Ángel Hernández 0-0: Called Strike
0-1: Hit by Pitch
Aaron Grizzle to third
Phil Cantrell to second
Batting: RHB Jeff Bergeron 0-0: Ball
1-0: Ball
2-0: Fly out, F7 (Flyball, 7LS)
Top of the 9th over - 0 runs, 1 hit, 0 errors, 3 left on base; Memphis 24 - West Virginia 9
BOTTOM OF THE 9TH
West Virginia Power batting - Pitching for Memphis Blues : RHP Scott Willerton
Pitching: LHP Peter Turner
Now at C: Salvador Mendoza
Batting: LHB Jorge Luna 0-0: Swinging Strike
0-1: Swinging Strike
0-2: Ball
1-2: Strikes out swinging
Pitching: RHP Luis Pistoni
Batting: RHB Millard Walker 0-0: Foul Ball, location: 2F
0-1: Ball
1-1: Foul Ball, location: 2F
1-2: SINGLE (Groundball, 6MD)
Batting: RHB Will Stafford 0-0: Foul Ball, location: 2F
0-1: Fly out, F8 (Flyball, 8RD)
Batting: RHB Daniel Martínez 0-0: SINGLE (Line Drive, 6)
Millard Walker to second
Batting: RHB Diego Benítez 0-0: Ball
1-0: Fly out, F7 (Flyball, 7)
Bottom of the 9th over - 0 runs, 2 hits, 0 errors, 2 left on base; Memphis 24 - West Virginia 9
Saturday, December 16th, 2017 - OOTP Baseball 18.8 Build 76